 Dungeon Sprint DCSS version 0.32-a0-450-g080537f31e (webtiles) character file.

Game seed: 15936315066542381314

4100000 adelrune the Plane Walker (level 22, -59/148 HPs)
             Began as a Spriggan Warper on Feb 23, 2024.
             Was the Champion of Makhleb.
             Annihilated by a sculptor of flesh
             ... wielding a +9 great sword
              (158 damage)
             ... in the Dungeon (Sprint VIII: "Arena of Blood").
             The game lasted 00:01:31 (41 turns).

adelrune the Plane Walker (Spriggan Warper)           Turns: 41, Time: 00:01:32

Health: -59/148    AC:  3    Str:  9    XL:     22   Next: 88%
Magic:  11/54      EV: 43    Int: 17    God:    Makhleb [******]
Gold:   0          SH:  0    Dex: 21    Spells: 75/75 levels left

rFire   . . .        j - +∞ Axe of Woe
rCold   . . .        (shield currently unavailable)
rNeg    . . .        b - +0 robe
rPois   .            (helmet restricted)
rElec   .            (no cloak)
rCorr   .            (gloves unavailable)
SInv    +            (boots unavailable)
Will    +++..        (no amulet)
Stlth   ++++++++++   (no ring)
HPRegen 0.44/turn    (no ring)
MPRegen 0.34/turn

%: no teleportation
@: very quick
A: very small, no large weapons, unfitting armour, see invisible, speed 3
a: Renounce Religion, Minor Destruction, Lesser Servant of Makhleb, Major
Destruction, Greater Servant of Makhleb


You were in the Dungeon.
You worshipped Makhleb.
Makhleb was exalted by your worship.
You visited 1 branch

Inventory:

Hand Weapons
 a - a +0 hand axe
 j - the +∞ Axe of Woe (weapon)
   (You found it in the Dungeon)
Missiles
 d - 7 darts of dispersal (quivered)
Armour
 b - a +0 robe (worn)
Scrolls
 c - 2 scrolls of blinking
Potions
 e - a potion of curing
 f - a potion of heal wounds
 g - a potion of haste
 h - 2 potions of magic
 i - a potion of berserk rage


   Skills:
 O Level 27 Fighting
 + Level 17.9(20.3) Short Blades
 + Level 12.7(15.3) Long Blades
 O Level 27 Axes
 + Level 11.7(20.9) Maces & Flails
 + Level 11.7(20.9) Polearms
 + Level 11.7(15.4) Staves
 + Level 14.9 Ranged Weapons
 O Level 27 Throwing
 + Level 12.6 Armour
 O Level 27 Dodging
 O Level 27 Stealth
 + Level 12.6 Shields
 + Level 13.6 Unarmed Combat
 O Level 27 Spellcasting
 + Level 12.6 Conjurations
 + Level 19.4 Hexes
 + Level 14.1 Summonings
 + Level 15.3 Necromancy
 O Level 27 Translocations
 + Level 14.1 Fire Magic
 + Level 14.1 Ice Magic
 + Level 15.3 Air Magic
 + Level 15.3 Earth Magic
 + Level 17.9 Alchemy
 + Level 16.5 Invocations
 + Level 21.0 Evocations
 + Level 19.4 Shapeshifting


You had 75 spell levels left.
You didn't know any spells.
Your spell library contained the following spells:

 Spells                   Type           Power      Damage    Failure   Level
 Blink                    Tloc           100%       N/A       0%          2
 Lesser Beckoning         Tloc           100%       N/A       0%          2
 Teleport Other           Tloc           86%        N/A       0%          3
 Manifold Assault         Tloc           86%        N/A       0%          4
 Vhi's Electric Charge    Tloc/Air       100%       N/A       0%          4


Dungeon Overview and Level Annotations

Branches:
Dungeon (1/1)

Altars:
Makhleb


Innate Abilities, Weirdness & Mutations

You are very small and have problems with some larger weapons.
You are too small for most types of armour.
You have supernaturally acute eyesight. (SInv)
You cover ground extremely quickly. (Speed+++)


Message History

Your Evocations skill increases to level 20!
Your Shapeshifting skill increases to level 18!
A meat berserker comes into view. It is wielding a +9 battleaxe.
The bag of meat shouts!
You slash the large bag of meat!
Flame seeps out of the large bag of meat.
You hew the large bag of meat violently.
Makhleb accepts your kill.
You feel better.
You slash the meat berserker!
You pulverise the meat berserker into a thin bloody mist.
You kill the meat berserker!
Makhleb accepts your kill.
You feel better.
The large bag of meat explodes!
The fiery explosion engulfs you!!
The destroyer appears out of thin air!
A destroyer comes into view. It is wielding a +9 heavy great sword.
You are engulfed in blazing flames.
The destroyer shouts!
A bag of meat comes into view. It is wielding a +9 war axe.
The destroyer is engulfed in blazing flames.
A bag of meat comes into view. It is wielding a +9 war axe.
Your Hexes skill increases to level 19!
Your Summonings skill increases to level 14!
Your Necromancy skill increases to level 15!
Your Fire Magic skill increases to level 14!
Your Ice Magic skill increases to level 14!
Your Air Magic skill increases to level 15!
Your Earth Magic skill increases to level 15!
Your Invocations skill increases to level 16!
Your Evocations skill increases to level 21!
Your Shapeshifting skill increases to level 19!
A bag of meat comes into view. It is wielding a +9 war axe.
The destroyer appears out of thin air!
A destroyer comes into view. It is wielding a +9 heavy great sword.
You are engulfed in blazing flames.
The bag of meat is engulfed in blazing flames.
The sculptor of flesh is engulfed in blazing flames.
The sculptor of flesh hits you with a +9 great sword!!!!!
Ouch! That really hurt!
You die...

## ### #### ... ..
... .... .. ..
....z##.##.# ###.
....z...... .....
.####....§##z##.....
#o.......§)§@ooo.§o.
#...o.oo§V§#§#O..o.
#........)Vooo..O..
. #......)))Oo..z...
...#.oo)°).)).o.....
.......)V)).........
.......).)..........
.......#.......#.o..
.#.....#.....o.#....


You could see 3 destroyers, 3 sculptors of flesh, a large bag of meat (inner
flame), a meat berserker (berserk) and 15 bags of meat.

Vanquished Creatures
  A vampire knight (D)
  11 ogres (D)
  5 two-headed ogres (D)
  51 orcs (D)
68 creatures vanquished.

Notes
Turn   | Place    | Note
-------+----------+-------------------------------------------
     0 | D        | Found the +∞ Axe of Woe
     0 | D        | adelrune the Spriggan Warper began the quest for the Orb.
     0 | D        | Reached XP level 1. HP: 10/10 MP: 5/5
     1 | D        | Noticed a bag of meat
     2 | D        | Noticed a bag of meat
     4 | D        | Became a worshipper of Makhleb the Destroyer
     4 | D        | Noticed a bag of meat
     5 | D        | Noticed a bag of meat
     6 | D        | Killed a bag of meat
     6 | D        | Noticed a bag of meat
     7 | D        | Reached skill level 15 in Dodging
     7 | D        | Reached XP level 2. HP: 21/21 MP: 5/16
     7 | D        | Reached XP level 3. HP: 25/25 MP: 5/18
     7 | D        | Reached XP level 4. HP: 30/30 MP: 5/19
     7 | D        | Reached XP level 5. HP: 33/33 MP: 5/21
     7 | D        | Reached XP level 6. HP: 38/38 MP: 5/22
     7 | D        | Reached XP level 7. HP: 42/42 MP: 5/24
     7 | D        | Reached XP level 8. HP: 46/46 MP: 5/25
     7 | D        | Reached XP level 9. HP: 50/50 MP: 5/26
     7 | D        | Reached XP level 10. HP: 55/55 MP: 5/27
     8 | D        | Noticed a bag of meat
     8 | D        | Noticed a bag of meat
     9 | D        | Noticed a bag of meat
    10 | D        | Noticed a bag of meat
    10 | D        | Noticed a bag of meat
    11 | D        | Noticed a bag of meat
    11 | D        | Noticed a bag of meat
    12 | D        | Noticed a large bag of meat
    12 | D        | Noticed a bag of meat
    12 | D        | Noticed a bag of meat
    12 | D        | Noticed a bag of meat
    12 | D        | Noticed a bag of meat
    12 | D        | Noticed a bag of meat
    12 | D        | Noticed a bag of meat
    13 | D        | Noticed a meat berserker
    13 | D        | Noticed a bag of meat
    13 | D        | Noticed a bag of meat
    13 | D        | Noticed a meat berserker
    13 | D        | Noticed a bag of meat
    13 | D        | Noticed a meat berserker
    13 | D        | Noticed a bag of meat
    13 | D        | Noticed a bag of meat
    13 | D        | Noticed a bag of meat
    14 | D        | Noticed a bag of meat
    15 | D        | Noticed a bag of meat
    15 | D        | Noticed a bag of meat
    15 | D        | Noticed a bag of meat
    15 | D        | Noticed a bag of meat
    15 | D        | Noticed a meat berserker
    15 | D        | Noticed a bag of meat
    16 | D        | Killed a bag of meat
    16 | D        | Reached * piety under Makhleb
    16 | D        | Killed a bag of meat
    16 | D        | Killed a bag of meat
    16 | D        | Noticed a bag of meat
    17 | D        | Reached skill level 10 in Fighting
    17 | D        | Reached skill level 27 in Translocations
    17 | D        | Reached XP level 11. HP: 27/64 MP: 6/32
    17 | D        | Reached XP level 12. HP: 29/69 MP: 6/33
    17 | D        | Reached XP level 13. HP: 31/72 MP: 6/34
    17 | D        | Killed a meat berserker
    17 | D        | Reached ** piety under Makhleb
    17 | D        | Killed a bag of meat
    17 | D        | Killed a bag of meat
    17 | D        | Killed a meat berserker
    17 | D        | Reached *** piety under Makhleb
    17 | D        | Killed a bag of meat
    17 | D        | Noticed a bag of meat
    17 | D        | Noticed a meat berserker
    18 | D        | Reached skill level 27 in Dodging
    18 | D        | Reached XP level 14. HP: 84/84 MP: 6/41
    18 | D        | Reached XP level 15. HP: 88/88 MP: 6/42
    18 | D        | Reached **** piety under Makhleb
    18 | D        | Killed a large bag of meat
    19 | D        | Reached XP level 16. HP: 48/100 MP: 6/47
    19 | D        | Noticed a meat berserker
    21 | D        | Reached ***** piety under Makhleb
    21 | D        | Killed a meat berserker
    22 | D        | Reached skill level 27 in Axes
    22 | D        | Reached skill level 27 in Spellcasting
    22 | D        | Reached XP level 17. HP: 113/113 MP: 7/49
    22 | D        | Noticed a meat berserker
    23 | D        | Killed a meat berserker
    23 | D        | Reached ****** piety under Makhleb
    23 | D        | Killed a meat berserker
    23 | D        | Noticed a meat berserker
    24 | D        | Reached skill level 27 in Fighting
    24 | D        | Reached XP level 18. HP: 127/127 MP: 7/50
    25 | D        | Reached skill level 27 in Throwing
    25 | D        | Noticed a large bag of meat
    26 | D        | Reached skill level 5 in Necromancy
    26 | D        | Reached skill level 5 in Air Magic
    26 | D        | Reached skill level 5 in Earth Magic
    26 | D        | Reached skill level 5 in Invocations
    26 | D        | Reached XP level 19. HP: 132/132 MP: 8/51
    26 | D        | Noticed a large bag of meat
    27 | D        | Noticed a meat berserker
    28 | D        | Reached skill level 5 in Maces & Flails
    28 | D        | Reached skill level 5 in Polearms
    28 | D        | Reached skill level 5 in Staves
    28 | D        | Reached skill level 5 in Armour
    28 | D        | Reached skill level 5 in Shields
    28 | D        | Reached skill level 5 in Conjurations
    28 | D        | Reached skill level 10 in Evocations
    28 | D        | Noticed a large bag of meat
    29 | D        | Reached skill level 10 in Short Blades
    29 | D        | Reached skill level 10 in Alchemy
    29 | D        | Reached XP level 20. HP: 137/137 MP: 8/52
    29 | D        | Noticed a large bag of meat
    30 | D        | Noticed a meat berserker
    30 | D        | Noticed a large bag of meat
    31 | D        | Reached skill level 27 in Stealth
    31 | D        | Killed a meat berserker
    31 | D        | Noticed a meat berserker
    32 | D        | Reached skill level 10 in Necromancy
    32 | D        | Reached skill level 10 in Air Magic
    32 | D        | Reached skill level 10 in Earth Magic
    32 | D        | Reached skill level 10 in Invocations
    32 | D        | Killed a meat berserker
    33 | D        | Reached skill level 10 in Ranged Weapons
    33 | D        | Killed a meat berserker
    33 | D        | Noticed a destroyer
    33 | D        | Noticed a destroyer
    34 | D        | Reached skill level 10 in Summonings
    34 | D        | Reached skill level 10 in Fire Magic
    34 | D        | Reached skill level 10 in Ice Magic
    34 | D        | Reached skill level 15 in Evocations
    34 | D        | Reached XP level 21. HP: 142/142 MP: 9/53
    34 | D        | Noticed a large bag of meat
    35 | D        | Reached skill level 10 in Long Blades
    35 | D        | Reached skill level 10 in Unarmed Combat
    35 | D        | Reached skill level 15 in Hexes
    35 | D        | Reached skill level 15 in Shapeshifting
    36 | D        | Killed a large bag of meat
    37 | D        | Reached skill level 15 in Short Blades
    37 | D        | Reached skill level 10 in Armour
    37 | D        | Reached skill level 10 in Shields
    37 | D        | Reached skill level 10 in Conjurations
    37 | D        | Reached skill level 15 in Alchemy
    38 | D        | Killed a destroyer
    38 | D        | Killed a large bag of meat
    38 | D        | Noticed a destroyer
    39 | D        | Reached skill level 10 in Maces & Flails
    39 | D        | Reached skill level 10 in Polearms
    39 | D        | Reached skill level 10 in Staves
    39 | D        | Reached skill level 15 in Invocations
    39 | D        | Reached XP level 22. HP: 108/148 MP: 11/54
    39 | D        | Killed a large bag of meat
    40 | D        | Killed a large bag of meat
    40 | D        | Noticed a destroyer
    41 | D        | Reached skill level 15 in Necromancy
    41 | D        | Reached skill level 15 in Air Magic
    41 | D        | Reached skill level 15 in Earth Magic
    41 | D        | Annihilated by a sculptor of flesh

Illustrated notes

Levels and vault maps discovered:
D:        meatsprint

Skill      XL: |  1  2  3  4  5  6  7  8  9 10 11 12 13 14 15 16 17 18 19 20 21 22 |
---------------+-------------------------------------------------------------------+-----
Fighting       | 7 10 14 18 22 27 | 27.0
Axes           | 8 12 18 22 27 | 27.0
Throwing       | 2 3 7 9 12 24 27 | 27.0
Dodging        | 15 20 27 | 27.0
Spellcasting   | 12 16 22 26 27 | 27.0
Translocations | 22 27 | 27.0
Short Blades   | 6 10 13 16 17 | 17.9
Long Blades    | 4 7 9 11 12 | 12.7
Maces & Flails | 3 6 8 10 11 | 11.7
Polearms       | 3 6 8 10 11 | 11.7
Staves         | 3 6 8 10 11 | 11.7
Ranged Weapons | 4 8 11 13 14 | 14.9
Armour         | 3 6 8 11 12 | 12.6
Stealth        | 7 13 27 | 27.0
Shields        | 3 6 8 11 12 | 12.6
Unarmed Combat | 4 7 9 12 13 | 13.6
Conjurations   | 3 6 8 11 12 | 12.6
Hexes          | 6 11 14 17 19 | 19.4
Summonings     | 4 8 10 12 14 | 14.1
Necromancy     | 5 9 11 13 15 | 15.3
Fire Magic     | 4 8 10 12 14 | 14.1
Ice Magic      | 4 8 10 12 14 | 14.1
Air Magic      | 5 9 11 13 15 | 15.3
Earth Magic    | 5 9 11 13 15 | 15.3
Alchemy        | 6 10 13 16 17 | 17.9
Invocations    | 5 9 12 15 16 | 16.5
Evocations     | 7 12 15 19 21 | 21.0
Shapeshifting  | 6 11 14 17 19 | 19.4

Action                     |  1- 3 |  4- 6 |  7- 9 | 10-12 | 13-15 | 16-18 | 19-21 | 22-24 || total
---------------------------+-------+-------+-------+-------+-------+-------+-------+-------++-------
  Melee: Broad axe         |     1 |       |       |     1 |     2 |     5 |    10 |     2 ||    21
 Armour: Robe              |       |       |       |     2 |     2 |       |     5 |     6 ||    15
  Dodge: Dodged            |       |       |       |       |       |       |     2 |       ||     2

Table legend: (Time is in decaauts)
 A = Elapsed time spent in this place.
 B = Non-inter-level travel time spent in this place.
 C = Inter-level travel time spent in this place.
 D = Time resting spent in this place.
 E = Time spent auto-exploring this place.
 F = Levels seen in this place.
 G = Mean time per level.
                   A        B        C        D        E       F      G
               +--------+--------+--------+--------+--------+-----+--------+
         Total |     29 |     29 |      0 |      0 |      0 |   1 |   29.0 |
       Dungeon |     29 |     29 |      0 |      0 |      0 |   1 |   29.0 |
               +--------+--------+--------+--------+--------+-----+--------+

Top non-repeatable levels by time:
       D: 29 daAuts
